Map: Catalyst LE

Players

Infamous - Winner!

  • Race: Zerg Zerg
  • Spawn Location: 5:00

Naqu

  • Race: Zerg Zerg
  • League: Bronze
  • Spawn Location: 11:00

VOD

Have the link to the VOD?

Description

Time

  • Played on: Jan. 25, 2018, 12:43 p.m.
  • Length: 2:44
Show
View Real Time Build Order
Export as new Build Order

Infamous Zerg - Winner!

Build Orders: Pool Only 

Get SALT Encoding   

  12  0:04  Drone  
  13  0:13  Drone  
  14  0:25  Overlord  
  14  0:45  Spawning Pool  
  14  0:46  Drone  
  14  0:47  Drone x2  
  16  0:59  Drone  
  17  1:10  Overlord  
  17  1:20  Extractor  
  13  1:41  Zergling x6  
  15  1:53  Zergling x2  
  13  2:06  Zergling x2  
  11  2:14  Drone  
Show
View Real Time Build Order
Export as new Build Order

Naqu Zerg 

Build Orders:  

Get SALT Encoding   

  12  0:01  Drone  
  13  0:08  Drone  
  13  0:13  Extractor  
  13  0:16  Extractor  
  13  0:19  Drone  
  13  0:23  Drone  
Tags
 
League
Bronze
Matchup
ZvZ
Opening
Pool Only
Race
Zerg
Replay Pack
Last Remnant (2)
Spawn Locations
Cross Positions
Add a new tag
Caveats
  • Supply blocks, unpowered buildings, or Contaminate may cause inaccurate times.
  • Supply counts are checked every 10 seconds.